[Event "Chigorin Memorial 2019"]
[Site "Saint Petersburg"]
[Date "2019.10.12"]
[Round "8.3"]
[White "Peng, Xiongjian"]
[Black "Ter-Sahakyan, Samvel"]
[Result "1/2-1/2"]
[ECO "A07"]
[WhiteElo "2476"]
[BlackElo "2616"]
[Annotator "RC"]
[PlyCount "117"]
[EventDate "2019.10.05"]
[EventType "swiss"]
[EventCountry "RUS"]
[SourceTitle "playchess.com"]
[Source "ChessBase"]
[SourceQuality "1"]
[TimeControl "5400+30"]

1. Nf3 d5 2. g3 Bg4 3. Bg2 Nd7 4. O-O c6 5. d3 Ngf6 6. h3 Bh5 7. c4 e6 8. cxd5 exd5 9. Nc3 Bxf3 10. Bxf3 d4 11. Ne4 Nxe4 12. dxe4 Bc5 13. b4 Bb6 14. a4 a5 15. bxa5 Rxa5 16. Ba3 Bc5 17. Qb3 b5 18. Bg4 Bxa3 19. Qxa3 Ne5 20. Rfc1 h5 21. Bf3 h4 22. Bg2 Rxa4 23. Qc5 Qe7 24. Rxa4 bxa4 25. f4 Qxc5 26. Rxc5 Ng6 27. f5 Ne7 28. Ra5 O-O 29. g4 Rc8 30. e5 c5 31. Kf2 c4 32. Ke1 Nc6 33. Bxc6 Rxc6 34. Rxa4 Rc5 35. Ra8+ Kh7 36. Re8 c3 37. Kd1 Ra5 38. Kc2 Ra2+ 39. Kd3 Rd2+ 40. Ke4 Rxe2+ 41. Kxd4 Rh2 42. Rc8 c2 43. g5 Rxh3 44. Rxc2 Rh1 45. Re2 Kg8 46. e6 fxe6 47. fxe6 Kf8 48. Ke5 Ke7 49. Kf5 h3 50. Kg6 Rg1 51. Rh2 Rg3 52. Kf5 Re3 53. Ra2 h2 54. Rxh2 Rxe6 55. Rh7 Kf7 56. Rxg7+ Kxg7 57. Kxe6 Kg6 58. Ke5 Kxg5 59. Ke4 1/2-1/2

[Event "Chigorin Memorial 2019"]
[Site "Saint Petersburg"]
[Date "2019.10.12"]
[Round "8.4"]
[White "Shubin, Kirill"]
[Black "Khalifman, Alexander"]
[Result "1/2-1/2"]
[ECO "C90"]
[WhiteElo "2416"]
[BlackElo "2614"]
[Annotator "RC"]
[PlyCount "54"]
[EventDate "2019.10.05"]
[EventType "swiss"]
[EventCountry "RUS"]
[SourceTitle "playchess.com"]
[Source "ChessBase"]
[SourceQuality "1"]
[TimeControl "5400+30"]

1. e4 e5 2. Nf3 Nc6 3. Bb5 a6 4. Ba4 Nf6 5. O-O Be7 6. Re1 b5 7. Bb3 O-O 8. d3 d6 9. c3 Na5 10. Bc2 c5 11. Nbd2 Nc6 12. Nf1 Re8 13. a4 Bd7 14. Ne3 h6 15. h3 Rc8 16. Nh2 Be6 17. Nhg4 Nxg4 18. hxg4 Bg5 19. axb5 axb5 20. Bb3 Bxe3 21. Bxe3 Qd7 22. Bxe6 Qxe6 23. Ra6 b4 24. c4 Nb8 25. Ra5 Nc6 26. Ra6 Nb8 27. Ra5 Nc6 1/2-1/2

[Event "Chigorin Memorial 2019"]
[Site "Saint Petersburg"]
[Date "2019.10.12"]
[Round "8.5"]
[White "Kryakvin, Dmitry"]
[Black "Pourramezanali, Amirreza"]
[Result "1/2-1/2"]
[ECO "D35"]
[WhiteElo "2608"]
[BlackElo "2478"]
[Annotator "ChessBase"]
[PlyCount "120"]
[EventDate "2019.10.05"]
[EventType "swiss"]
[EventCountry "RUS"]
[SourceTitle "playchess.com"]
[Source "ChessBase"]
[SourceQuality "1"]
[TimeControl "5400+30"]

1. d4 d5 2. c4 e6 3. Nc3 Be7 4. cxd5 exd5 5. Bf4 Nf6 6. e3 O-O 7. Bd3 c5 8. Nge2 Nc6 9. O-O c4 10. Bc2 Nh5 11. b3 Qa5 12. Na4 Nb4 13. Bb1 b6 14. Bc7 g6 15. a3 Nd3 16. Nec3 Nb2 17. b4 Nxd1 18. bxa5 Nxc3 19. Nxc3 Be6 20. Bc2 Rfc8 21. axb6 axb6 22. Bxb6 Rxa3 23. Rxa3 Bxa3 24. Rb1 Nf6 25. Kf1 Nd7 26. Ba7 Rc7 27. Bb8 Nxb8 28. Rxb8+ Bf8 29. Ba4 Kg7 30. g3 Ra7 31. Ke2 Bd6 32. Rb2 h5 33. Bc6 Ra5 34. h4 Bc7 35. Rb7 Bd6 36. Kd2 Ra6 37. Bxd5 Bxd5 38. Nxd5 Ra2+ 39. Ke1 Rc2 40. Kf1 Ba3 41. Rc7 Kf8 42. Kg2 Bc1 43. Kf1 Bd2 44. Nf6 Ba5 45. Rc5 Rc1+ 46. Kg2 Be1 47. Ne4 f5 48. Ng5 Rc2 49. Nh3 Bb4 50. Rc6 Kf7 51. Kf3 Be1 52. d5 c3 53. Rc7+ Kf6 54. d6 Ke6 55. d7 Ke7 56. e4 fxe4+ 57. Kxe4 Kd8 58. Rc4 Bxf2 59. Nxf2 Rxf2 60. Rxc3 Kxd7 1/2-1/2

[Event "Chigorin Memorial 2019"]
[Site "Saint Petersburg"]
[Date "2019.10.12"]
[Round "8.6"]
[White "Smirin, Ilia"]
[Black "Levin, Evgeny A."]
[Result "1/2-1/2"]
[ECO "C10"]
[WhiteElo "2599"]
[BlackElo "2519"]
[Annotator "RC"]
[PlyCount "104"]
[EventDate "2019.10.05"]
[EventType "swiss"]
[EventCountry "RUS"]
[SourceTitle "playchess.com"]
[Source "ChessBase"]
[SourceQuality "1"]
[TimeControl "5400+30"]

1. e4 e6 2. d4 d5 3. Nc3 Nf6 4. Bg5 dxe4 5. Nxe4 Nbd7 6. Nf3 h6 7. Nxf6+ Nxf6 8. Bxf6 Qxf6 9. Bd3 Bd7 10. Qe2 Bd6 11. O-O-O O-O-O 12. Be4 Kb8 13. Kb1 g5 14. c3 g4 15. Nd2 e5 16. dxe5 Bxe5 17. Nc4 Bb5 18. Bd5 Qf5+ 19. Qc2 Qxc2+ 20. Kxc2 Bxc4 21. Bxc4 Bd6 22. Rd5 Bf4 23. g3 Rxd5 24. Bxd5 Be5 25. Kd3 c6 26. Bb3 f5 27. Re1 Rd8+ 28. Ke2 Kc7 29. Kf1 Kd6 30. Rd1+ Ke7 31. Rxd8 Kxd8 32. Be6 f4 33. Bxg4 Bd6 34. Ke2 a5 35. Kf3 fxg3 36. hxg3 Bc5 37. Ke2 Kc7 38. f4 Kd6 39. Kf3 b5 40. Bh5 b4 41. Ke4 bxc3 42. bxc3 Bf2 43. g4 Be1 44. c4 c5 45. Be8 Bd2 46. Kf5 Bc1 47. Ba4 Bd2 48. g5 hxg5 49. fxg5 Ke7 50. Bc2 Bc1 51. g6 Bb2 52. Ke4 Kd6 1/2-1/2

[Event "Chigorin Memorial 2019"]
[Site "Saint Petersburg"]
[Date "2019.10.12"]
[Round "8.7"]
[White "Gareyev, Timur"]
[Black "Vokhidov, Shamsiddin"]
[Result "1-0"]
[ECO "A22"]
[WhiteElo "2591"]
[BlackElo "2519"]
[Annotator "ChessBase"]
[PlyCount "48"]
[EventDate "2019.10.05"]
[EventType "swiss"]
[EventCountry "RUS"]
[SourceTitle "playchess.com"]
[Source "ChessBase"]
[SourceQuality "1"]
[TimeControl "5400+30"]

1. c4 e5 2. Nc3 Nf6 3. g3 Bb4 4. e4 Bxc3 5. dxc3 d6 6. f3 Be6 7. Nh3 h6 8. Nf2 Nfd7 9. f4 f6 10. f5 Bf7 11. g4 Nb6 12. b3 c6 13. a4 d5 14. exd5 cxd5 15. Bg2 a5 16. Be3 Nc6 17. O-O Ne7 18. Qd3 Ra6 19. Rad1 O-O 20. cxd5 Qc8 21. c4 Rd8 22. Ne4 Nd7 23. h4 Nf8 24. Bc5 Ra8 1-0

[Event "Chigorin Memorial 2019"]
[Site "Saint Petersburg"]
[Date "2019.10.12"]
[Round "8.8"]
[White "Aleksandrov, Aleksej"]
[Black "Nesterov, Arseniy"]
[Result "1-0"]
[ECO "E32"]
[WhiteElo "2577"]
[BlackElo "2484"]
[Annotator "ChessBase"]
[PlyCount "99"]
[EventDate "2019.10.05"]
[EventType "swiss"]
[EventCountry "RUS"]
[SourceTitle "playchess.com"]
[Source "ChessBase"]
[SourceQuality "1"]
[TimeControl "5400+30"]

1. d4 Nf6 2. c4 e6 3. Nc3 Bb4 4. Qc2 O-O 5. e4 d5 6. e5 Ne4 7. Bd3 c5 8. Nf3 cxd4 9. Nxd4 Nd7 10. Bf4 Ndc5 11. O-O Bxc3 12. bxc3 Nxd3 13. Qxd3 b6 14. cxd5 Qxd5 15. c4 Nc5 16. Qg3 Qxd4 17. Bh6 g6 18. Rad1 Qe4 19. f3 Qf5 20. Qe1 Qh5 21. Qe3 Bb7 22. Bg5 h6 23. Bxh6 Rfd8 24. Bg5 Rxd1 25. Rxd1 Ne4 26. Be7 Bc6 27. Rd4 Re8 28. Bd8 Nc5 29. Rh4 Rxd8 30. Rxh5 Rd1+ 31. Kf2 gxh5 32. Qg5+ Kf8 33. Qxh5 Nd3+ 34. Kg3 Ne1 35. h4 Ra1 36. Qh6+ Ke8 37. Qd2 Ba4 38. h5 Bc2 39. Kh4 Bf5 40. Kg5 Nd3 41. Kf6 Nc5 42. g4 Be4 43. Qf2 Bd3 44. Kg7 Rh1 45. Qd4 Rh3 46. Qf4 Kd8 47. Qxf7 Bxc4 48. h6 Bd3 49. g5 Rg3 50. f4 1-0

[Event "Chigorin Memorial 2019"]
[Site "Saint Petersburg"]
[Date "2019.10.12"]
[Round "8.9"]
[White "Khlebovich, Alexander"]
[Black "Volkov, Sergey"]
[Result "1/2-1/2"]
[ECO "D12"]
[WhiteElo "2398"]
[BlackElo "2576"]
[Annotator "ChessBase"]
[PlyCount "185"]
[EventDate "2019.10.05"]
[EventType "swiss"]
[EventCountry "RUS"]
[SourceTitle "playchess.com"]
[Source "ChessBase"]
[SourceQuality "1"]
[TimeControl "5400+30"]

1. d4 d5 2. Nf3 Nf6 3. c4 c6 4. e3 Bf5 5. Bd3 Bg6 6. O-O e6 7. Qc2 Nbd7 8. Nbd2 Be7 9. b3 O-O 10. Bb2 Qc7 11. Rac1 Rad8 12. Rfe1 Rfe8 13. h3 Qb8 14. Bxg6 hxg6 15. c5 Rc8 16. b4 b6 17. Bc3 a5 18. Rb1 axb4 19. Bxb4 bxc5 20. Bxc5 Qa8 21. Bxe7 Rxe7 22. Nb3 Ne4 23. Nfd2 Nxd2 24. Qxd2 c5 25. dxc5 Nxc5 26. Nxc5 Rxc5 27. Qb4 Rec7 28. Qb8+ Rc8 29. Qxa8 Rxa8 30. Rb2 g5 31. Kf1 g6 32. Rd1 Kg7 33. Ke2 f5 34. Rdd2 Kf6 35. Rbc2 Rca5 36. Kf3 R8a6 37. g3 Ra3 38. Rb2 Ke5 39. Kg2 R3a4 40. Kf3 g4+ 41. hxg4 Rxg4 42. Rdc2 Rga4 43. Ke2 g5 44. Kd2 Ke4 45. Ke2 g4 46. Rd2 R6a5 47. Rb6 Ke5 48. Rbb2 Rc4 49. Rbc2 Ra3 50. Rb2 Rc1 51. Rd3 Ra4 52. Rd1 Rc6 53. Rd3 Ke4 54. Rbd2 Rcc4 55. Kd1 Ra5 56. Ke2 Rc1 57. Rd4+ Ke5 58. Rb2 Ra1 59. Rdd2 Ra4 60. Kd3 Ra3+ 61. Ke2 Rh1 62. Rd3 Ra4 63. Rd1 Rh7 64. Rdd2 Rha7 65. Kd3 Ra3+ 66. Ke2 R7a4 67. Kf1 Ke4 68. Ke2 e5 69. Rb5 d4 70. exd4 exd4 71. Rb8 d3+ 72. Kf1 Rd4 73. Re8+ Kd5 74. f3 gxf3 75. Kf2 Rc4 76. Kxf3 Rc2 77. Rd8+ Kc4 78. Rc8+ Kb4 79. Rb8+ Kc5 80. Rc8+ Kb6 81. Rb8+ Kc7 82. Rb2 Kc6 83. Ke3 Kc5 84. Rb3 Rxd2 85. Rxa3 Rg2 86. Rxd3 Rxg3+ 87. Ke2 Rg2+ 88. Kf3 Rxa2 89. Kf4 Rf2+ 90. Ke5 Rf1 91. Rd5+ Kc6 92. Rd4 Kc5 93. Rf4 1/2-1/2

[Event "Chigorin Memorial 2019"]
[Site "Saint Petersburg"]
[Date "2019.10.12"]
[Round "8.10"]
[White "Can, Isik"]
[Black "Iljiushenok, Ilia"]
[Result "1-0"]
[ECO "B90"]
[WhiteElo "2361"]
[BlackElo "2540"]
[Annotator "ChessBase"]
[PlyCount "87"]
[EventDate "2019.10.05"]
[EventType "swiss"]
[EventCountry "RUS"]
[SourceTitle "playchess.com"]
[Source "ChessBase"]
[SourceQuality "1"]
[TimeControl "5400+30"]

1. e4 c5 2. Nf3 d6 3. d4 cxd4 4. Nxd4 Nf6 5. Nc3 a6 6. Be3 e5 7. Nb3 Be6 8. h3 Nc6 9. f4 exf4 10. Bxf4 Rc8 11. Qe2 Nb4 12. O-O-O Nxa2+ 13. Nxa2 Bxb3 14. Nc3 Be6 15. e5 Rxc3 16. bxc3 Nd7 17. exd6 Qa5 18. Qd3 g5 19. Qd4 Rg8 20. Bh2 g4 21. Bf4 Qa3+ 22. Kd2 a5 23. Re1 Kd8 24. Ra1 Qc5 25. Qxc5 Nxc5 26. Rxa5 Ne4+ 27. Kc1 Nxd6 28. Bxd6 Bxd6 29. Ra8+ Bc8 30. hxg4 Rxg4 31. Be2 Bf4+ 32. Kb2 Rxg2 33. Bf3 Rg6 34. Rxh7 Rb6+ 35. Ka1 Be5 36. Bg4 Bxc3+ 37. Ka2 Ra6+ 38. Rxa6 Bxg4 39. Rb6 Bf3 40. Kb1 Ke7 41. Rh3 Bd4 42. Rb4 Bg2 43. Rg3 Bc5 44. Rb5 1-0

[Event "Chigorin Memorial 2019"]
[Site "Saint Petersburg"]
[Date "2019.10.13"]
[Round "9.1"]
[White "Kokarev, Dmitry"]
[Black "Bocharov, Ivan"]
[Result "1/2-1/2"]
[ECO "B53"]
[WhiteElo "2593"]
[BlackElo "2550"]
[Annotator "ChessBase"]
[PlyCount "85"]
[EventDate "2019.10.05"]
[EventType "swiss"]
[EventCountry "RUS"]
[SourceTitle "playchess.com"]
[Source "ChessBase"]
[SourceQuality "1"]
[TimeControl "5400+30"]

1. e4 c5 2. Nf3 d6 3. d4 cxd4 4. Qxd4 Nc6 5. Bb5 Bd7 6. Qd3 Nf6 7. c4 g6 8. Nc3 Bg7 9. O-O a6 10. Bxc6 Bxc6 11. Nd4 Nd7 12. Be3 O-O 13. f3 Rc8 14. Qd2 Nc5 15. Rac1 Ne6 16. Nxe6 fxe6 17. Bd4 Bxd4+ 18. Qxd4 Qa5 19. Rfe1 e5 20. Qd2 b5 21. cxb5 axb5 22. b3 Bb7 23. Rc2 Rc7 24. Nd1 Qxd2 25. Rxd2 b4 26. Ne3 Rfc8 27. Kf2 Kf7 28. Rb1 Ra8 29. Rbb2 Ra5 30. Rdc2 Rxc2+ 31. Nxc2 Rb5 32. Ke3 e6 33. a3 bxa3 34. Nxa3 Rb4 35. Nc2 Rb6 36. b4 d5 37. b5 g5 38. Na3 Ke7 39. Rd2 Rd6 40. Rc2 Kd7 41. g3 h6 42. Rc1 Kd8 43. Rc2 1/2-1/2

[Event "Chigorin Memorial 2019"]
[Site "Saint Petersburg"]
[Date "2019.10.13"]
[Round "9.2"]
[White "Petrosyan, Manuel"]
[Black "Aleksandrov, Aleksej"]
[Result "0-1"]
[ECO "A17"]
[WhiteElo "2611"]
[BlackElo "2577"]
[Annotator "RC"]
[PlyCount "76"]
[EventDate "2019.10.05"]
[EventType "swiss"]
[EventCountry "RUS"]
[SourceTitle "playchess.com"]
[Source "ChessBase"]
[SourceQuality "1"]
[TimeControl "5400+30"]

1. c4 e6 2. Nc3 Nf6 3. Nf3 d5 4. e3 dxc4 5. Bxc4 c5 6. b3 b6 7. Bb2 Bb7 8. O-O a6 9. Qe2 Nbd7 10. a4 Bd6 11. d4 O-O 12. Rad1 cxd4 13. exd4 Bb4 14. d5 b5 15. dxe6 bxc4 16. Na2 Qe7 17. Nxb4 cxb3 18. Nd4 fxe6 19. Ndc6 Qf7 20. Na5 Rfb8 21. Nxb7 Rxb7 22. Nd3 Rc8 23. Rc1 Rbc7 24. Rxc7 Rxc7 25. Rc1 Rxc1+ 26. Nxc1 Nc5 27. Bd4 Nfd7 28. g3 Qf5 29. Qe3 Qc2 30. Nxb3 Qxb3 31. Qc1 Qd5 32. Be3 h6 33. h3 Kf7 34. Kh2 Nxa4 35. Qc7 Nb2 36. Qf4+ Kg8 37. Qc7 Nc4 38. Bf4 a5 0-1

[Event "Chigorin Memorial 2019"]
[Site "Saint Petersburg"]
[Date "2019.10.13"]
[Round "9.3"]
[White "Gareyev, Timur"]
[Black "Sivuk, Vitaly"]
[Result "0-1"]
[ECO "A00"]
[WhiteElo "2591"]
[BlackElo "2559"]
[Annotator "RC"]
[PlyCount "138"]
[EventDate "2019.10.05"]
[EventType "swiss"]
[EventCountry "RUS"]
[SourceTitle "playchess.com"]
[Source "ChessBase"]
[SourceQuality "1"]
[TimeControl "5400+30"]

1. g3 d5 2. Bg2 e5 3. d3 c6 4. Nf3 Bd6 5. e4 Nf6 6. O-O O-O 7. Qe2 Re8 8. a4 h6 9. Nc3 dxe4 10. dxe4 a5 11. Rd1 Qc7 12. Nh4 Bg4 13. Bf3 Be6 14. Nf5 Bc5 15. g4 Nbd7 16. Be3 Bxe3 17. Qxe3 Qb6 18. Qxb6 Nxb6 19. b3 Rad8 20. Kf1 Kf8 21. Ke1 Rd7 22. Rxd7 Nbxd7 23. Ke2 Nc5 24. Ke3 Rd8 25. Be2 h5 26. g5 Ncxe4 27. Nxg7 Nxg5 28. Nxh5 Nxh5 29. Bxh5 Rd4 30. Rf1 Rh4 31. Be2 Rxh2 32. f4 Rh3+ 33. Kd2 exf4 34. Rxf4 Ke7 35. b4 axb4 36. Rxb4 Bc8 37. a5 Kd6 38. Rd4+ Kc7 39. Rf4 f5 40. Bd3 Nf3+ 41. Ke2 Ne5 42. Na4 Ng6 43. Rd4 Rh2+ 44. Kd1 Ne5 45. Nb6 Nxd3 46. cxd3 Ra2 47. Ra4 Be6 48. Rxa2 Bxa2 49. Ke2 Kd6 50. d4 c5 51. Ke3 Bb3 52. Nc8+ Kd7 53. Nb6+ Kc6 54. Nc8 Bc2 55. Ne7+ Kd6 56. Nc8+ Kd5 57. Ne7+ Ke6 58. Ng6 Kd6 59. Nf4 Be4 60. Ne2 Kd5 61. Nf4+ Kc4 62. dxc5 Kxc5 63. a6 bxa6 64. Kd2 Kd4 65. Ne6+ Ke5 66. Nc5 a5 67. Kc3 f4 68. Nb3 f3 69. Nxa5 Bd5 {[%emt 0:03:01] Kd4+} 0-1

[Event "Chigorin Memorial 2019"]
[Site "Saint Petersburg"]
[Date "2019.10.13"]
[Round "9.4"]
[White "Khalifman, Alexander"]
[Black "Can, Isik"]
[Result "1/2-1/2"]
[ECO "D23"]
[WhiteElo "2614"]
[BlackElo "2361"]
[Annotator "RC"]
[PlyCount "44"]
[EventDate "2019.10.05"]
[EventType "swiss"]
[EventCountry "RUS"]
[SourceTitle "playchess.com"]
[Source "ChessBase"]
[SourceQuality "1"]
[TimeControl "5400+30"]

1. d4 d5 2. c4 c6 3. Nf3 Nf6 4. Qb3 dxc4 5. Qxc4 Bg4 6. Nbd2 Nbd7 7. g3 e6 8. Bg2 Be7 9. O-O O-O 10. b3 Rc8 11. e3 b5 12. Qd3 Qb6 13. Bb2 c5 14. Rfc1 Bh5 15. Qf1 a6 16. a3 Bg6 17. dxc5 Bxc5 18. b4 Bd6 19. Nh4 Bh5 20. Nhf3 Bg6 21. Nh4 Bh5 22. Nhf3 Bg6 1/2-1/2

[Event "Chigorin Memorial 2019"]
[Site "Saint Petersburg"]
[Date "2019.10.13"]
[Round "9.5"]
[White "Ter-Sahakyan, Samvel"]
[Black "Polschikov, Alexey"]
[Result "1-0"]
[ECO "C42"]
[WhiteElo "2616"]
[BlackElo "2416"]
[Annotator "RC"]
[PlyCount "117"]
[EventDate "2019.10.05"]
[EventType "swiss"]
[EventCountry "RUS"]
[SourceTitle "playchess.com"]
[Source "ChessBase"]
[SourceQuality "1"]
[TimeControl "5400+30"]

1. e4 e5 2. Nf3 Nf6 3. Nxe5 d6 4. Nf3 Nxe4 5. Nc3 Nxc3 6. dxc3 Be7 7. Be3 Nc6 8. Bd3 Be6 9. Qe2 Qd7 10. O-O-O Bf6 11. h3 O-O-O 12. Bb5 Kb8 13. g4 h6 14. Kb1 Qe8 15. Rhe1 Bd7 16. Qf1 Ne5 17. Bxd7 Qxd7 18. Nxe5 Bxe5 19. Bxa7+ Kxa7 20. Rxe5 dxe5 21. Rxd7 Rxd7 22. b4 Rhd8 23. Kb2 f6 24. a4 c5 25. b5 b6 26. Qc4 Rd5 27. Qa2 Kb7 28. Qc4 Ka7 29. Qe4 R5d6 30. h4 Kb8 31. f3 Ka7 32. Kb3 R8d7 33. h5 Kb8 34. Qh7 Ka7 35. Qg8 Rc7 36. Kc4 Rd1 37. a5 bxa5 38. Qe6 Rcd7 39. Qa6+ Kb8 40. Qxa5 Rb7 41. Qa2 Ra7 42. Qb3 Rc7 43. b6 Rc6 44. Kb5 Rc8 45. Qf7 Ra1 46. Kc4 Ra4+ 47. Kd5 e4 48. fxe4 Ra6 49. Qxg7 Rxb6 50. Qxh6 c4 51. Kd4 Re8 52. Qg6 Rd6+ 53. Ke3 Red8 54. h6 Rd1 55. Qxf6 Re1+ 56. Kf2 Rdd1 57. h7 Rf1+ 58. Kg3 Rg1+ 59. Kf4 1-0

[Event "Chigorin Memorial 2019"]
[Site "Saint Petersburg"]
[Date "2019.10.13"]
[Round "9.7"]
[White "Kardashevskiy, Evgeny"]
[Black "Smirin, Ilia"]
[Result "1/2-1/2"]
[ECO "E62"]
[WhiteElo "2428"]
[BlackElo "2599"]
[Annotator "ChessBase"]
[PlyCount "79"]
[EventDate "2019.10.05"]
[EventType "swiss"]
[EventCountry "RUS"]
[SourceTitle "playchess.com"]
[Source "ChessBase"]
[SourceQuality "1"]
[TimeControl "5400+30"]

1. d4 Nf6 2. Nf3 g6 3. c4 Bg7 4. g3 d6 5. Bg2 O-O 6. O-O c6 7. Nc3 a6 8. a4 a5 9. h3 Na6 10. e4 Nd7 11. Be3 e5 12. Qd2 exd4 13. Nxd4 Ne5 14. Qe2 Re8 15. Rad1 Qc7 16. Rd2 Qe7 17. b3 Nc5 18. Qd1 Ned7 19. Qc2 Ra6 20. Rfd1 Nf6 21. f3 d5 22. cxd5 cxd5 23. Bg5 dxe4 24. fxe4 Qf8 25. Ndb5 Ne6 26. Be3 Nh5 27. Rd5 Nxg3 28. Qf2 Nh5 29. e5 Bh6 30. Nd6 Bxe3 31. Qxe3 Nef4 32. Nxe8 Nxd5 33. Nxd5 Qxe8 34. Nc7 Qe7 35. Nxa6 bxa6 36. Qd4 Kg7 37. e6+ f6 38. Re1 g5 39. h4 h6 40. hxg5 1/2-1/2

[Event "Chigorin Memorial 2019"]
[Site "Saint Petersburg"]
[Date "2019.10.13"]
[Round "9.8"]
[White "Volkov, Sergey"]
[Black "Shubin, Kirill"]
[Result "1-0"]
[ECO "E10"]
[WhiteElo "2576"]
[BlackElo "2416"]
[Annotator "ChessBase"]
[PlyCount "65"]
[EventDate "2019.10.05"]
[EventType "swiss"]
[EventCountry "RUS"]
[SourceTitle "playchess.com"]
[Source "ChessBase"]
[SourceQuality "1"]
[TimeControl "5400+30"]

1. d4 e6 2. c4 Nf6 3. Nf3 c5 4. d5 b5 5. e4 Nxe4 6. Bd3 Nf6 7. Nc3 bxc4 8. Bxc4 Ba6 9. Bxa6 Nxa6 10. O-O Nc7 11. Re1 d6 12. dxe6 fxe6 13. Ng5 Qd7 14. Qb3 O-O-O 15. Bf4 Re8 16. Rad1 h6 17. Nge4 Nfd5 18. Bg3 Qc6 19. a4 a6 20. Nd2 h5 21. h4 Rh6 22. Nc4 Rd8 23. Ne4 Be7 24. Na5 Qa8 25. Qf3 Rf8 26. Qe2 e5 27. b4 Nxb4 28. Nxc5 dxc5 29. Qxe5 Nbd5 30. Qxg7 Re6 31. Bxc7 Rxe1+ 32. Rxe1 Kd7 33. Bg3 1-0

[Event "Chigorin Memorial 2019"]
[Site "Saint Petersburg"]
[Date "2019.10.13"]
[Round "9.9"]
[White "Smirnov, Artem"]
[Black "Lintchevski, Daniil"]
[Result "0-1"]
[ECO "E25"]
[WhiteElo "2416"]
[BlackElo "2537"]
[Annotator "ChessBase"]
[PlyCount "76"]
[EventDate "2019.10.05"]
[EventType "swiss"]
[EventCountry "RUS"]
[SourceTitle "playchess.com"]
[Source "ChessBase"]
[SourceQuality "1"]
[TimeControl "5400+30"]

1. d4 Nf6 2. c4 e6 3. Nc3 Bb4 4. f3 d5 5. a3 Bxc3+ 6. bxc3 c5 7. cxd5 Nxd5 8. dxc5 f5 9. Nh3 Qa5 10. Bd2 Qxc5 11. c4 Ne3 12. Qc1 Nxf1 13. Bb4 Qc7 14. Kxf1 Nc6 15. Nf4 Kf7 16. Rg1 Qd8 17. Bc3 e5 18. Nd3 Re8 19. Qb2 Qe7 20. f4 Be6 21. Nxe5+ Nxe5 22. Bxe5 Bxc4 23. g4 fxg4 24. Qc2 Qc5 25. Qf5+ Kg8 26. Rxg4 Re7 27. Qf6 Bxe2+ 28. Kxe2 Qc2+ 29. Kf3 Qd3+ 30. Kf2 Qd2+ 31. Kf3 Qd3+ 32. Kf2 Qd2+ 33. Kg3 Qe3+ 34. Kh4 Qf2+ 35. Kh5 Qxh2+ 36. Qh4 Rxe5+ 37. fxe5 Qxe5+ 38. Qg5 g6+ 0-1

[Event "Chigorin Memorial 2019"]
[Site "Saint Petersburg"]
[Date "2019.10.13"]
[Round "9.10"]
[White "Svetushkin, Dmitry"]
[Black "Khlebovich, Alexander"]
[Result "1-0"]
[ECO "B52"]
[WhiteElo "2534"]
[BlackElo "2398"]
[Annotator "ChessBase"]
[PlyCount "85"]
[EventDate "2019.10.05"]
[EventType "swiss"]
[EventCountry "RUS"]
[SourceTitle "playchess.com"]
[Source "ChessBase"]
[SourceQuality "1"]
[TimeControl "5400+30"]

1. e4 c5 2. Nf3 d6 3. Bb5+ Bd7 4. Bxd7+ Qxd7 5. O-O Nf6 6. d4 cxd4 7. Qxd4 Nc6 8. Qd3 g6 9. c4 Bg7 10. Nc3 O-O 11. h3 Rac8 12. Rb1 Qe6 13. b3 Nd7 14. Re1 Nc5 15. Qd2 Nb4 16. Ba3 Nbd3 17. Re2 Nf4 18. Qxf4 Bxc3 19. Qe3 Bg7 20. e5 Rfe8 21. Rd1 Bf8 22. Rd5 Rcd8 23. Ng5 Qc8 24. Bxc5 dxc5 25. Rxc5 Rd1+ 26. Kh2 Qb8 27. Qf4 f6 28. Ne6 Rd7 29. g3 b6 30. Rd5 Rxd5 31. cxd5 fxe5 32. Rxe5 Bh6 33. Qe4 Qd6 34. h4 Qa3 35. h5 Qxa2 36. Kg2 Rc8 37. hxg6 Qc2 38. gxh7+ Kh8 39. Qg4 Qc3 40. Rf5 Bg7 41. Rg5 Qd3 42. Rxg7 Qxd5+ 43. Kh2 1-0